AoeStats
← blackbarto

Scandinavia

510619949Analyzed
1v1 RM · 2d ago on Oct 1, 2026· 27m 16s· 2 players
Game mode
Random Map
Map size
Tiny (2 player)
Population
200
Speed
Normal
Resources
Standard
Victory
Conquest
Starting age
Dark Age
Ending age
Imperial Age
RankedLock teamsTeams togetherTeam positionsShared explorationLock speedFull tech treeHidden civsTurbo modeCheats
Victory
Defeat
🇹🇷 Japanese · Türkiye
888
+18
🇮🇹 Ethiopians · Italy
927
-18
blackbarto
7:36 Loom
10:19 Feudal Age
11:28 Double-Bit Axe
13:10 Fletching
24:23 Castle Age
22:42 Stone Mining
22:39 Horse Collar
23:43 Forging
23:33 Gold Mining
TidierCast1585
1:49 Loom
12:56 Feudal Age
18:04 Castle Age
21:35 Scale Mail Armor
21:46 Forging
Connection lost

Rejoining the realm…

Still unreachable

The connection could not be restored.

Session expired

The server has moved on; the page needs a fresh start.